 Dungeon Crawl Stone Soup version 0.31-a0-188-g5e087ee2ca (webtiles) character file.

Game seed: 15343640714881671129

63 qw the Shooter (level 3, -4/20 HPs)
             Began as a Deep Elf Hunter on June 23, 2023.
             Slain by a gnoll
             ... wielding a +1 spear of flaming
              (7 damage)
             ... on level 3 of the Dungeon.
             The game lasted 00:00:32 (1822 turns).

qw the Shooter (Deep Elf Hunter)                    Turns: 1822, Time: 00:00:33

Health: -4/20      AC:  6    Str: 10    XL:     3   Next: 87%
Magic:  5/5        EV: 11    Int: 13    God:
Gold:   106        SH:  0    Dex: 18    Spells: 2/2 levels left

rFire   . . .        Y - +0 shortbow
rCold   . . .        (shield currently unavailable)
rNeg    . . .        f - +0 ring mail
rPois   .            (no helmet)
rElec   .            (no cloak)
rCorr   .            e - +0 pair of gloves
SInv    .            (no boots)
Will    .....        (no amulet)
Stlth   +            (no ring)
HPRegen 0.23/turn    (no ring)
MPRegen 0.09/turn

%: no passive effects
@: no status effects
A: no striking features
a: no special abilities


You were on level 3 of the Dungeon.
You visited 1 branch of the dungeon, and saw 3 of its levels.

You collected 106 gold pieces.


   Skills:
 - Level 1.5 Fighting
 + Level 7.3 Ranged Weapons
 - Level 2.4 Dodging
 - Level 1.2 Stealth


You had 2 spell levels left.
You didn't know any spells.
Your spell library was empty.

Inventory:

Hand Weapons
 Y - a +0 shortbow (weapon)
Armour
 e - a +0 pair of gloves (worn)
 f - a +0 ring mail (worn)
Potions
 b - a potion of heal wounds {unknown}
 c - a potion of curing
 d - a potion of haste

Dungeon Overview and Level Annotations

Branches:
Dungeon (3/15)

Altars:


Message History

You shoot an arrow. The arrow hits the gnoll.
The gnoll is severely wounded.
The gnoll barely misses you. x2
You shoot an arrow. The arrow barely misses the gnoll.
The gnoll hits you from afar with a +1 spear of flaming.
The gnoll burns you. The gnoll misses you.
You shoot an arrow. The arrow closely misses the gnoll.
The gnoll hits you from afar with a +1 spear of flaming.
The gnoll burns you. The gnoll closely misses you.
You shoot an arrow. The arrow barely misses the gnoll.
The gnoll hits you but does no damage. The gnoll closely misses you.
A goblin comes into view. It is wielding a +0 club.
The gnoll barely misses you.
The gnoll hits you from afar with a +1 spear of flaming.
The gnoll burns you.
You shoot an arrow. The goblin shouts!
The arrow hits the gnoll.
The gnoll is severely wounded.
The gnoll barely misses you. The gnoll hits you but does no damage.
You shoot an arrow. The arrow barely misses the gnoll.
The gnoll hits you but does no damage. The gnoll completely misses you.
You shoot an arrow. The arrow closely misses the gnoll.
A ball python comes into view.
The gnoll closely misses you. x2
You shoot an arrow. The arrow barely misses the gnoll.
The ball python hisses angrily.
The gnoll hits you but does no damage. The gnoll closely misses you.
You shoot an arrow.
The arrow hits the gnoll but does no damage.
The gnoll is severely wounded.
The gnoll barely misses you. The gnoll hits you with a +0 whip.
You shoot an arrow. The arrow hits the gnoll.
You kill the gnoll!
The gnoll completely misses you.
You shoot an arrow. The arrow barely misses the gnoll.
The gnoll hits you from afar with a +1 spear of flaming!
The gnoll burns you.
The gnoll hits you from afar with a +1 spear of flaming!
You die...

#... #.. #
##... .###
..> ....
#.####..#
###.......###
#............
#....@)......
#.#.###g#S.##
#...# g.
#.### ..#
#.#####.# .#
#.<.....# ..
######.(.. .
.


You could see a gnoll, a goblin and a ball python.

Vanquished Creatures
  A gnoll (D:3)
  An adder (D:2)
  A worm (D:2)
  3 ball pythons
  3 bats (D:1)
  3 endoplasms
  3 giant cockroaches
  6 goblins
  5 hobgoblins
  2 quokkas
  2 frilled lizards (D:2)
  4 kobolds
  2 rats (D:2)
36 creatures vanquished.

Notes
Turn   | Place    | Note
-------+----------+-------------------------------------------
     0 | D:1      | qw the Deep Elf Hunter began the quest for the Orb.
     0 | D:1      | Reached XP level 1. HP: 12/12 MP: 3/3
     0 | D:1      | 0 ||| qw: Version: 0.3-a-9-g12657ce
     0 | D:1      | 0 ||| qw: Game counter: 3994
     0 | D:1      | 0 ||| qw: Always use a shield: true
     0 | D:1      | 0 ||| qw: God list: Okawaru
     0 | D:1      | 0 ||| qw: Allow faded altars: false
     0 | D:1      | 0 ||| qw: Do Orc after D:15 true
     0 | D:1      | 0 ||| qw: Do second Lair branch before Depths: true
     0 | D:1      | 0 ||| qw: Lair rune preference: random
     0 | D:1      | 0 ||| qw: Plans: Normal
     0 | D:1      | 0 ||| PLANNING D:1-11
   210 | D:1      | Reached XP level 2. HP: 16/16 MP: 4/4
   225 | D:1      | Reached skill level 6 in Ranged Weapons
   375 | D:1      | 375 ||| FLEEEEING.
   376 | D:1      | 376 ||| FLEEEEING.
   377 | D:1      | 377 ||| FLEEEEING.
   378 | D:1      | 378 ||| FLEEEEING.
   731 | D:1      | 731 ||| UPGRADING to +0 pair of gloves.
   736 | D:1      | 736 ||| UPGRADING to +0 ring mail.
   746 | D:1      | 746 ||| DROPPING +0 leather armour.
   747 | D:1      | 747 ||| DROPPING scarf of shadows.
   748 | D:1      | 748 ||| READING scroll labelled PABETA ITHATS.
   849 | D:1      | 849 ||| DRINKING 2 orange potions.
   850 | D:1      | 850 ||| DROPPING scroll of butterflies.
   884 | D:2      | Reached XP level 3. HP: 20/20 MP: 5/5
   990 | D:2      | Reached skill level 7 in Ranged Weapons
  1763 | D:2      | 1763 ||| READING scroll labelled MOZUBACWESM.
  1764 | D:2      | 1764 ||| READING scroll labelled CETAC PEVYEK.
  1765 | D:2      | 1765 ||| READING scroll labelled REAH XOCURCHI.
  1766 | D:2      | 1766 ||| DRINKING 2 fuming clear potions.
  1822 | D:3      | HP: 5/20 [gnoll/+1 spear of flaming (7)]
  1822 | D:3      | Slain by a gnoll

Levels and vault maps discovered:
D:1:      amcnicky_arrival_wind_blow, layout_basic, nicolae_titane
D:2:      layout_loops_corners, reono_crystal_passage, minmay_misc_feat_alley,
          grunt_decor_fettered, chequers_serial_rivers_large_a
D:3:      layout_basic, mainiacjoe_overflow_surrounded_room, uniq_natasha

Skill      XL: |  1  2  3 |
---------------+----------+-----
Ranged Weapons | 6 7 |  7.3
Fighting       | |  1.5
Dodging        | |  2.4
Stealth        | |  1.2

Action                     || total
---------------------------++-------
   Fire: Shortbow          ||   113
    Use: Scroll            ||     4
         Potion            ||     2
 Armour: Ring mail         ||    10
         Leather armour    ||     2
  Dodge: Dodged            ||    26

Table legend:
 A = Non-vault XP
 B = Vault XP
 C = Vault XP percentage of total XP
 D = Non-vault monster count
 E = Vault monster count
 F = Vault count percentage of total count
                 A         B        C        D         E       F
            +---------+---------+-------+---------+---------+-------
      Total |      90 |       0 |   0.0 |      36 |       0 |   0.0
            +---------+---------+-------+---------+---------+-------
        D:1 |      32 |       0 |   0.0 |      18 |       0 |   0.0
        D:2 |      43 |       0 |   0.0 |      17 |       0 |   0.0
        D:3 |      15 |       0 |   0.0 |       1 |       0 |   0.0
            +---------+---------+-------+---------+---------+-------
